 Dungeon Crawl Stone Soup version 0.28.0 (webtiles) character file.

Game seed: 17925944693674555851

52 themarg the Thaumaturge (level 3, -2/31 HPs)
             Began as a Gnoll Wanderer on Feb 7, 2022.
             Slain by an adder (3 damage)
             ... on level 3 of the Dungeon.
             The game lasted 00:10:37 (2939 turns).

themarg the Thaumaturge (Gnoll Wanderer)            Turns: 2939, Time: 00:10:38

Health: -2/31      AC:  2    Str: 11    XL:     3   Next: 85%
Magic:  15/15      EV: 11    Int: 14    God:
Gold:   71         SH:  0    Dex: 10    Spells: 23/24 levels left

rFire   . . .      SeeInvis .   k - +0 short sword
rCold   . . .      Faith    .   (no shield)
rNeg    . . .      Spirit   .   c - +0 robe
rPois   .          Reflect  .   (no helmet)
rElec   .          Harm     .   o - scarf {repulsion}
rCorr   .          Rampage  .   (no gloves)
Will    .....                   (no boots)
Stlth   +.........              (no amulet)
HPRegen 0.10/turn               (no ring)
MPRegen 0.14/turn               (no ring)

@: lethally poisoned (-2 -> -11), repel missiles
A: fangs 1, strong nose, distributed training
a: no special abilities


You were on level 3 of the Dungeon.
You visited 1 branch of the dungeon, and saw 3 of its levels.

You collected 71 gold pieces.

Inventory:

Hand Weapons
 a - a +1 hunting sling
 g - a +0 dagger
 k - a +0 short sword (weapon)
Missiles
 b - 25 sling bullets
 f - 102 stones (quivered)
Armour
 c - a +0 robe (worn)
 o - a scarf of repulsion (worn)
Jewellery
 d - an amulet of guardian spirit
 e - a ring of willpower
 m - a ring of resist corrosion
Scrolls
 l - a scroll of teleportation {unknown}
Potions
 h - a potion of berserk rage {unknown}
 i - 2 potions of mutation {unknown}
 j - a potion of lignification {unknown}
 n - 2 potions of attraction {unknown}


   Skills:
 + Level 4.6 Fighting
 + Level 1.0 Short Blades
 + Level 1.0 Long Blades
 + Level 1.0 Axes
 + Level 1.0 Maces & Flails
 + Level 1.0 Polearms
 + Level 1.0 Staves
 + Level 4.6 Slings
 + Level 1.0 Bows
 + Level 1.0 Crossbows
 + Level 1.0 Throwing
 + Level 1.0 Armour
 + Level 1.0 Dodging
 + Level 1.0 Stealth
 + Level 1.0 Shields
 + Level 1.0 Unarmed Combat
 + Level 11.3 Spellcasting
 + Level 0.7 Conjurations
 + Level 0.7 Hexes
 + Level 0.7 Summonings
 + Level 0.7 Necromancy
 + Level 0.7 Translocations
 + Level 0.7 Transmutations
 + Level 0.7 Fire Magic
 + Level 0.7 Ice Magic
 + Level 0.7 Air Magic
 + Level 0.7 Earth Magic
 + Level 0.7 Poison Magic
 + Level 1.0 Invocations
 + Level 1.0 Evocations


You had 23 spell levels left.
You knew the following spells:

 Your Spells              Type           Power      Damage    Failure   Level
a - Beastly Appendage     Tmut           18%        N/A       7%          1

Your spell library contained the following spells:

 Spells                   Type           Power      Damage    Failure   Level
 Confusing Touch          Hex            9%         N/A       21%         3
 Conjure Flame            Conj/Fire      9%         6-21      21%         3
 Portal Projectile        Hex/Tloc       18%        N/A       21%         3


Dungeon Overview and Level Annotations

Branches:
Dungeon (3/15)

Altars:


Innate Abilities, Weirdness & Mutations

You have very sharp teeth.
Your uncanny sense of smell can sniff out nearby items.
Your experience applies equally to all skills.


Message History

The adder is severely wounded.
The adder bites you.
k - a +0 short sword (weapon)
You closely miss the adder.
The adder is severely wounded.
The adder bites you.
You are poisoned.
The adder poisons you! The adder bites you.
You are more poisoned.
The adder poisons you!
You closely miss the adder. Your bite misses the adder.
The adder is severely wounded.
You feel very sick. The adder closely misses you.
You closely miss the adder.
The adder is severely wounded.
You feel very sick. The adder bites you.
You are more poisoned.
The adder poisons you!
You miss the adder.
The adder is severely wounded.
You feel very sick. The adder closely misses you. The adder bites you.
You hit the adder.
The adder is almost dead.
* * * LOW HITPOINT WARNING * * *
You feel very sick. The adder bites you.
* * * LOW HITPOINT WARNING * * *
You are more poisoned.
The adder poisons you!
* * * LOW HITPOINT WARNING * * *
You feel very sick. The adder closely misses you.
You hit the adder but do no damage. Your bite misses the adder.
The adder is almost dead.
* * * LOW HITPOINT WARNING * * *
You feel sick. The adder bites you.
You die...

.. .(. #. #.# #.##.#
...(. # ..(# ###.#
#.(##..... #### #.....# #
...# #S#.###.# #######
##.# #.@#....# #......
#.# ##...# #.####. ##.#
#...# #.##... #..########
#...# #.##.#. .#........#
#...# #...... #.....###.#
#...# #...... #.###.# #.#
#...# #.##..# #.# #.#
#.######...########.....#
#<# #.#
#.................#..#..#


You could see an adder.

Vanquished Creatures
  An adder (D:2)
  A dart slug (D:1)
  5 ball pythons
  2 endoplasms
  A giant cockroach (D:2)
  2 goblins
  9 hobgoblins
  5 kobolds (D:1)
  3 quokkas
  3 bats
  A frilled lizard (D:1)
  5 rats (D:1)
38 creatures vanquished.

Vanquished Creatures (others)
  6 plants (D:1)
6 creatures vanquished.

Grand Total: 44 creatures vanquished

Notes
Turn   | Place    | Note
-------+----------+-------------------------------------------
     0 | D:1      | Reached skill level 11 in Spellcasting
     0 | D:1      | themarg the Gnoll Wanderer began the quest for the Orb.
     0 | D:1      | themarg set off with the following items: a +1 hunting
                  | sling, 20 sling bullets, a +0 robe; and the following spell
                  | memorised: Beastly Appendage; and the following spells
                  | available to memorise: Confusing Touch, Conjure Flame,
                  | Portal Projectile
     0 | D:1      | Reached XP level 1. HP: 20/20 MP: 12/12
   224 | D:1      | Reached XP level 2. HP: 26/26 MP: 14/14
   958 | D:1      | Found a faded altar of an unknown god.
  1029 | D:1      | Reached XP level 3. HP: 31/31 MP: 15/15
  1840 | D:2      | You fall into a shaft and drop 1 floor!
  1885 | D:2      | Reached skill level 1 in Invocations
  2776 | D:3      | Reached skill level 1 in Short Blades
  2776 | D:3      | Reached skill level 1 in Long Blades
  2776 | D:3      | Reached skill level 1 in Axes
  2776 | D:3      | Reached skill level 1 in Maces & Flails
  2776 | D:3      | Reached skill level 1 in Polearms
  2776 | D:3      | Reached skill level 1 in Staves
  2776 | D:3      | Reached skill level 1 in Bows
  2776 | D:3      | Reached skill level 1 in Crossbows
  2776 | D:3      | Reached skill level 1 in Throwing
  2776 | D:3      | Reached skill level 1 in Armour
  2776 | D:3      | Reached skill level 1 in Dodging
  2776 | D:3      | Reached skill level 1 in Stealth
  2776 | D:3      | Reached skill level 1 in Shields
  2776 | D:3      | Reached skill level 1 in Unarmed Combat
  2776 | D:3      | Reached skill level 1 in Evocations
  2939 | D:3      | HP: 1/31 [poisoned by an adder]
  2939 | D:3      | Slain by an adder

Illustrated notes

Levels and vault maps discovered:
D:1:      shiori_arrival_elements, layout_basic,
          dilly_ecumenical_altar_fadedgnrine, hex_intersection
D:2:      layout_loops_ring, grunt_decor_arrowhead
D:3:      layout_loops_cross

Skill      XL: |  1  2  3 |
---------------+----------+-----
Spellcasting   | | 11.3
Invocations    | 1 |  1.0
Short Blades   | 1 |  1.0
Long Blades    | 1 |  1.0
Axes           | 1 |  1.0
Maces & Flails | 1 |  1.0
Polearms       | 1 |  1.0
Staves         | 1 |  1.0
Bows           | 1 |  1.0
Crossbows      | 1 |  1.0
Throwing       | 1 |  1.0
Armour         | 1 |  1.0
Dodging        | 1 |  1.0
Stealth        | 1 |  1.0
Shields        | 1 |  1.0
Unarmed Combat | 1 |  1.0
Evocations     | 1 |  1.0
Fighting       | |  4.6
Slings         | |  4.6
Conjurations   | |  0.7
Hexes          | |  0.7
Summonings     | |  0.7
Necromancy     | |  0.7
Translocations | |  0.7
Transmutations | |  0.7
Fire Magic     | |  0.7
Ice Magic      | |  0.7
Air Magic      | |  0.7
Earth Magic    | |  0.7
Poison Magic   | |  0.7

Action                   || total
-------------------------++-------
Melee: Dagger            ||     9
       Bite              ||     5
       Short sword       ||    61
 Fire: Hunting sling     ||    67
 Cast: Beastly Appendage ||     2
  Use: Potion            ||     1
 Stab: Sleeping          ||     1
Armor: Robe              ||     9
Dodge: Dodged            ||    49
